[ AOE2 MATCH · #507209461 ]
UnrankedItalians vs Berbers
[ REPLAY ANALYSIS · EXTRACTED FROM THE RECORDED GAME ]
Feudal
11:47
Castle
15:30
Imperial
28:47
| APM avg | 44.6 |
| APM peak | 84 |
| eAPM avg | 20.7 |
| Villagers / military | 117 / 57 |
Focus
⚔️ 25.2% · 🌾 74.8%
Unknown (882) ×61 · Genoese Crossbowman ×46 · Bombard Cannon ×6 · Trebuchet (Packed) ×3 · Monk ×2
Feudal
11:46
Castle
15:16
Imperial
24:50
| APM avg | 32.0 |
| APM peak | 68 |
| eAPM avg | 18.8 |
| Villagers / military | 111 / 225 |
Focus
⚔️ 32.2% · 🌾 67.8%
Skirmisher ×148 · Camel Archer ×70 · Trebuchet (Packed) ×6 · Spearman ×1
Feudal
9:13
Castle
26:14
Imperial
—
| APM avg | 44.3 |
| APM peak | 105 |
| eAPM avg | 24.4 |
| Villagers / military | 74 / 7 |
Focus
⚔️ 38.7% · 🌾 61.3%
Knight ×5 · Battering Ram ×1 · Scout Cavalry ×1
Feudal
10:57
Castle
14:43
Imperial
37:37
| APM avg | 42.8 |
| APM peak | 82 |
| eAPM avg | 29.7 |
| Villagers / military | 165 / 50 |
Focus
⚔️ 22.6% · 🌾 77.4%
Longbowman ×45 · Mangonel ×4 · Monk ×1
Match map
Initial resources + every placement click. Lines = walls · curves = elevation contours. ◆ gold · ⬟ stone · ● berries · ✦ relic · ◌ wall gap
Your base· ✓ Closed at 15:30 · 0t walls · 2 gate(s)
Sacachispas's base· ✓ Closed at 15:16 · 11t walls · 2 gate(s)
AiM | Foreign Dish's base· ✓ Closed at 26:14 · 0t walls · 2 gate(s)
Its me poison's base· ✓ Closed at 14:43 · 15t walls · 4 gate(s)
Smoothed initial terrain · ◌ = detected wall gap · hover for details
Inputs per minute
— Eldiano - - Sacachispas
Build order — Eldiano
First 150 of 388 actions detected
| 0:00 | Create | Villager (Male) |
| 0:00 | Create | Villager (Male) |
| 0:04 | Build | House |
| 0:05 | Build | House |
| 0:14 | Create | Villager (Male) |
| 0:14 | Create | Villager (Male) |
| 1:22 | Create | Villager (Male) |
| 1:46 | Build | Lumber Camp |
| 2:39 | Create | Villager (Male) |
| 2:51 | Create | Villager (Male) |
| 3:09 | Create | Villager (Male) |
| 3:37 | Build | House |
| 3:38 | Build | House |
| 3:50 | Create | Villager (Male) |
| 4:09 | Create | Villager (Male) |
| 4:39 | Create | Villager (Male) |
| 5:15 | Build | Mill |
| 5:16 | Create | Villager (Male) |
| 5:30 | Create | Villager (Male) |
| 5:50 | Create | Villager (Male) |
| 6:11 | Create | Villager (Male) |
| 7:01 | Create | Villager (Male) |
| 7:27 | Build | Farm |
| 7:29 | Create | Villager (Male) |
| 7:46 | Build | Farm |
| 7:57 | Create | Villager (Male) |
| 7:57 | Create | Villager (Male) |
| 8:07 | Build | Farm |
| 8:20 | Build | House |
| 8:46 | Create | Villager (Male) |
| 9:01 | Create | Villager (Male) |
| 9:19 | Build | Mining Camp |
| 9:21 | Research | Feudal Age |
| 10:08 | Create | Villager (Male) |
| 10:09 | Create | Villager (Male) |
| 10:30 | Build | Mining Camp |
| 11:47 | Age | Feudal Age |
| 11:50 | Build | Market |
| 12:01 | Build | Blacksmith |
| 12:43 | Build | House |
| 12:50 | Research | Castle Age |
| 12:58 | Build | Farm |
| 12:59 | Research | Double-Bit Axe |
| 13:00 | Research | Horse Collar |
| 13:11 | Research | Loom |
| 13:17 | Build | House |
| 13:18 | Build | House |
| 13:54 | Research | Town Watch |
| 14:47 | Build | Farm |
| 15:30 | Age | Castle Age |
| 15:34 | Research | Bow Saw |
| 15:35 | Create | Villager (Male) |
| 15:56 | Build | Outpost |
| 15:57 | Create | Villager (Male) |
| 16:04 | Build | Town Center |
| 16:06 | Create | Villager (Male) |
| 16:22 | Build | House |
| 16:23 | Build | House |
| 16:41 | Build | Farm |
| 16:52 | Build | Outpost |
| 17:04 | Create | Villager (Male) |
| 17:22 | Create | Villager (Male) |
| 17:26 | Build | House |
| 17:28 | Build | House |
| 17:50 | Build | Outpost |
| 17:51 | Create | Villager (Male) |
| 17:52 | Create | Villager (Male) |
| 17:58 | Build | Farm |
| 18:10 | Build | Castle |
| 18:23 | Create | Villager (Male) |
| 18:23 | Create | Villager (Male) |
| 18:28 | Build | House |
| 18:33 | Create | Villager (Male) |
| 18:36 | Research | Wheelbarrow |
| 18:41 | Build | Farm |
| 18:42 | Build | Farm |
| 18:42 | Create | Villager (Male) |
| 18:50 | Build | Monastery |
| 18:58 | Create | Villager (Male) |
| 19:01 | Build | House |
| 19:05 | Build | Farm |
| 19:08 | Build | Farm |
| 19:27 | Build | Palisade Wall |
| 19:31 | Build | Palisade Wall |
| 19:42 | Create | Villager (Male) |
| 19:55 | Create | Monk |
| 19:57 | Create | Villager (Male) |
| 20:10 | Create | Villager (Male) |
| 20:16 | Build | Town Center |
| 20:28 | Build | Farm |
| 20:30 | Build | Farm |
| 20:31 | Build | Farm |
| 20:33 | Build | Farm |
| 20:42 | Create | Villager (Male) |
| 21:03 | Build | Farm |
| 21:05 | Build | Farm |
| 21:10 | Create | Villager (Male) |
| 21:15 | Build | Farm |
| 21:16 | Build | Farm |
| 21:16 | Create | Villager (Male) |
| 21:33 | Build | Siege Workshop |
| 21:33 | Create | Villager (Male) |
| 21:34 | Create | Villager (Male) |
| 21:43 | Build | Farm |
| 21:45 | Build | Farm |
| 21:45 | Create | Villager (Male) |
| 21:50 | Create | Monk |
| 21:56 | Create | Villager (Male) |
| 22:03 | Build | Lumber Camp |
| 22:06 | Create | Villager (Male) |
| 22:28 | Build | Farm |
| 22:30 | Build | Farm |
| 22:31 | Build | Farm |
| 22:32 | Create | Villager (Male) |
| 22:36 | Create | Villager (Male) |
| 22:41 | Build | Farm |
| 22:46 | Create | Villager (Male) |
| 22:47 | Create | Villager (Male) |
| 22:50 | Build | Farm |
| 23:05 | Research | Heavy Plow |
| 23:17 | Build | Farm |
| 23:17 | Create | Villager (Male) |
| 23:29 | Create | Villager (Male) |
| 23:41 | Research | Fletching |
| 23:48 | Create | Villager (Male) |
| 23:48 | Create | Villager (Male) |
| 23:53 | Build | Farm |
| 23:57 | Build | Farm |
| 23:58 | Build | Farm |
| 23:58 | Build | Farm |
| 23:59 | Create | Villager (Male) |
| 24:06 | Create | Villager (Male) |
| 24:11 | Create | Villager (Male) |
| 24:17 | Build | Farm |
| 24:20 | Build | Farm |
| 24:20 | Create | Villager (Male) |
| 24:25 | Build | Farm |
| 24:32 | Create | Villager (Male) |
| 24:32 | Create | Villager (Male) |
| 24:47 | Create | Villager (Male) |
| 24:49 | Create | Villager (Male) |
| 24:51 | Create | Villager (Male) |
| 25:34 | Build | University |
| 25:37 | Research | Imperial Age |
| 25:50 | Create | Genoese Crossbowman |
| 25:50 | Create | Genoese Crossbowman |
| 26:00 | Create | Genoese Crossbowman |
| 26:01 | Create | Genoese Crossbowman |
| 26:03 | Research | Bodkin Arrow |
| 26:05 | Create | Villager (Male) |
Build order — Sacachispas
First 150 of 353 actions detected
| 0:01 | Create | Villager (Male) |
| 0:01 | Create | Villager (Male) |
| 0:03 | Build | House |
| 0:04 | Build | House |
| 0:22 | Create | Villager (Male) |
| 0:23 | Create | Villager (Male) |
| 1:24 | Create | Villager (Male) |
| 1:24 | Create | Villager (Male) |
| 1:44 | Build | Palisade Wall |
| 1:48 | Build | Palisade Wall |
| 1:53 | Build | Palisade Wall |
| 2:00 | Create | Villager (Male) |
| 2:00 | Create | Villager (Male) |
| 2:12 | Build | Palisade Wall |
| 2:26 | Create | Villager (Male) |
| 2:26 | Create | Villager (Male) |
| 2:34 | Build | House |
| 2:39 | Build | Palisade Wall |
| 2:46 | Create | Villager (Male) |
| 3:05 | Build | House |
| 3:14 | Create | Villager (Male) |
| 3:15 | Create | Villager (Male) |
| 3:39 | Create | Villager (Male) |
| 3:40 | Create | Villager (Male) |
| 3:59 | Build | Lumber Camp |
| 4:11 | Create | Villager (Male) |
| 4:11 | Create | Villager (Male) |
| 4:11 | Create | Villager (Male) |
| 4:32 | Create | Villager (Male) |
| 4:32 | Create | Villager (Male) |
| 4:33 | Create | Villager (Male) |
| 5:19 | Create | Villager (Male) |
| 5:20 | Create | Villager (Male) |
| 5:52 | Create | Villager (Male) |
| 5:53 | Create | Villager (Male) |
| 5:59 | Build | House |
| 6:31 | Create | Villager (Male) |
| 6:31 | Create | Villager (Male) |
| 6:38 | Build | Mill |
| 6:40 | Create | Villager (Male) |
| 7:02 | Create | Villager (Male) |
| 7:22 | Build | Farm |
| 8:13 | Build | Farm |
| 8:19 | Build | Farm |
| 8:20 | Create | Villager (Male) |
| 9:07 | Create | Villager (Male) |
| 9:30 | Research | Feudal Age |
| 9:34 | Build | Mining Camp |
| 10:09 | Build | Farm |
| 10:28 | Create | Villager (Male) |
| 10:30 | Create | Villager (Male) |
| 10:31 | Create | Villager (Male) |
| 11:03 | Build | Farm |
| 11:46 | Age | Feudal Age |
| 11:48 | Build | Market |
| 11:51 | Build | Blacksmith |
| 11:57 | Research | Double-Bit Axe |
| 12:24 | Research | Horse Collar |
| 12:36 | Research | Castle Age |
| 12:40 | Build | Farm |
| 12:55 | Build | Farm |
| 13:01 | Build | Farm |
| 13:37 | Build | House |
| 13:45 | Build | House |
| 13:46 | Build | House |
| 13:54 | Create | Villager (Male) |
| 14:10 | Build | Farm |
| 14:56 | Build | Farm |
| 15:16 | Age | Castle Age |
| 15:20 | Build | Town Center |
| 15:26 | Research | Bow Saw |
| 15:41 | Create | Villager (Male) |
| 15:57 | Build | Farm |
| 16:01 | Build | Farm |
| 16:02 | Create | Villager (Male) |
| 16:03 | Create | Villager (Male) |
| 16:14 | Build | Farm |
| 16:26 | Create | Villager (Male) |
| 16:40 | Create | Villager (Male) |
| 16:41 | Create | Villager (Male) |
| 16:41 | Create | Villager (Male) |
| 16:44 | Build | Farm |
| 16:56 | Build | Farm |
| 17:04 | Build | Farm |
| 17:12 | Create | Villager (Male) |
| 17:12 | Create | Villager (Male) |
| 17:32 | Create | Villager (Male) |
| 17:32 | Create | Villager (Male) |
| 17:32 | Create | Villager (Male) |
| 17:40 | Build | Farm |
| 17:46 | Create | Villager (Male) |
| 17:52 | Build | Farm |
| 18:00 | Build | Farm |
| 18:19 | Build | Farm |
| 18:27 | Research | Wheelbarrow |
| 18:28 | Create | Villager (Male) |
| 18:28 | Create | Villager (Male) |
| 18:28 | Create | Villager (Male) |
| 18:35 | Build | House |
| 18:36 | Build | House |
| 18:43 | Build | House |
| 18:47 | Build | House |
| 18:49 | Create | Villager (Male) |
| 19:42 | Research | Gold Mining |
| 19:45 | Create | Villager (Male) |
| 19:45 | Create | Villager (Male) |
| 20:22 | Create | Villager (Male) |
| 20:34 | Build | University |
| 20:42 | Build | Siege Workshop |
| 20:48 | Create | Villager (Male) |
| 20:48 | Create | Villager (Male) |
| 20:48 | Create | Villager (Male) |
| 20:54 | Build | Siege Workshop |
| 21:21 | Create | Villager (Male) |
| 21:26 | Build | House |
| 21:27 | Build | House |
| 21:31 | Research | Fletching |
| 21:37 | Build | Barracks |
| 21:40 | Research | Imperial Age |
| 21:41 | Research | Imperial Age |
| 21:44 | Create | Villager (Male) |
| 21:58 | Research | Loom |
| 21:59 | Create | Villager (Male) |
| 22:15 | Create | Villager (Male) |
| 22:15 | Create | Villager (Male) |
| 22:36 | Build | Castle |
| 22:38 | Create | Spearman |
| 22:41 | Create | Villager (Male) |
| 22:42 | Create | Villager (Male) |
| 22:49 | Build | Stable |
| 22:50 | Create | Villager (Male) |
| 23:04 | Research | Padded Archer Armor |
| 23:04 | Research | Padded Archer Armor |
| 23:06 | Research | Ballistics |
| 23:06 | Research | Ballistics |
| 23:29 | Create | Villager (Male) |
| 23:46 | Build | Mining Camp |
| 23:57 | Research | Husbandry |
| 23:59 | Create | Camel Archer |
| 23:59 | Create | Camel Archer |
| 24:09 | Research | Stone Mining |
| 24:09 | Research | Stone Mining |
| 24:35 | Build | Mining Camp |
| 24:42 | Create | Camel Archer |
| 24:42 | Create | Camel Archer |
| 24:42 | Create | Camel Archer |
| 24:50 | Age | Imperial Age |
| 25:07 | Create | Villager (Male) |
| 25:16 | Research | Bodkin Arrow |
| 25:28 | Create | Trebuchet (Packed) |
Build order — AiM | Foreign Dish
First 150 of 160 actions detected
| 0:01 | Create | Villager (Male) |
| 0:01 | Create | Villager (Male) |
| 0:01 | Create | Villager (Male) |
| 0:01 | Create | Villager (Male) |
| 0:03 | Build | House |
| 0:04 | Build | House |
| 1:22 | Create | Villager (Male) |
| 1:22 | Create | Villager (Male) |
| 1:23 | Create | Villager (Male) |
| 1:52 | Create | Villager (Male) |
| 1:52 | Create | Villager (Male) |
| 2:35 | Build | Lumber Camp |
| 2:48 | Create | Villager (Male) |
| 2:48 | Create | Villager (Male) |
| 2:49 | Create | Villager (Male) |
| 3:20 | Create | Villager (Male) |
| 4:13 | Create | Villager (Male) |
| 4:14 | Create | Villager (Male) |
| 4:15 | Create | Villager (Male) |
| 4:15 | Create | Villager (Male) |
| 4:18 | Build | House |
| 5:56 | Create | Villager (Male) |
| 6:23 | Research | Loom |
| 6:31 | Build | Mining Camp |
| 7:03 | Research | Feudal Age |
| 7:47 | Create | Villager (Male) |
| 8:57 | Create | Villager (Male) |
| 9:13 | Age | Feudal Age |
| 9:23 | Build | Blacksmith |
| 9:31 | Build | Watch Tower |
| 9:42 | Build | House |
| 9:53 | Research | Town Watch |
| 10:10 | Research | Fletching |
| 10:33 | Create | Villager (Male) |
| 10:33 | Create | Villager (Male) |
| 11:00 | Create | Villager (Male) |
| 11:00 | Create | Villager (Male) |
| 11:01 | Create | Villager (Male) |
| 11:05 | Build | Watch Tower |
| 11:42 | Create | Villager (Male) |
| 11:59 | Build | House |
| 12:24 | Create | Villager (Male) |
| 12:38 | Create | Villager (Male) |
| 13:07 | Build | Mill |
| 13:09 | Create | Villager (Male) |
| 13:30 | Create | Villager (Male) |
| 13:58 | Build | Watch Tower |
| 14:12 | Create | Villager (Male) |
| 14:15 | Build | Farm |
| 14:26 | Build | Farm |
| 14:27 | Build | Farm |
| 14:27 | Build | Farm |
| 14:27 | Build | Farm |
| 15:01 | Build | Watch Tower |
| 15:08 | Create | Villager (Male) |
| 15:10 | Create | Villager (Male) |
| 15:13 | Build | House |
| 15:15 | Build | Farm |
| 15:18 | Create | Villager (Male) |
| 15:33 | Create | Villager (Male) |
| 15:35 | Build | Farm |
| 16:03 | Build | House |
| 16:08 | Research | Double-Bit Axe |
| 16:11 | Create | Villager (Male) |
| 16:36 | Create | Villager (Male) |
| 16:38 | Build | Farm |
| 16:42 | Build | Farm |
| 16:46 | Create | Villager (Male) |
| 16:52 | Build | House |
| 17:44 | Create | Villager (Male) |
| 17:48 | Create | Villager (Male) |
| 17:58 | Build | Farm |
| 18:00 | Build | Farm |
| 18:03 | Build | Farm |
| 18:04 | Create | Villager (Male) |
| 18:42 | Build | Watch Tower |
| 18:52 | Build | Farm |
| 19:05 | Create | Villager (Male) |
| 19:59 | Build | Watch Tower |
| 20:21 | Create | Villager (Male) |
| 20:26 | Research | Wheelbarrow |
| 20:53 | Create | Villager (Male) |
| 21:23 | Create | Villager (Male) |
| 22:01 | Build | Mining Camp |
| 22:13 | Build | Farm |
| 22:13 | Build | Farm |
| 22:13 | Build | Farm |
| 22:14 | Build | Farm |
| 22:42 | Build | Market |
| 23:09 | Create | Villager (Male) |
| 23:26 | Research | Castle Age |
| 23:57 | Create | Villager (Male) |
| 24:16 | Research | Horse Collar |
| 24:27 | Build | Barracks |
| 24:52 | Create | Villager (Male) |
| 24:55 | Create | Villager (Male) |
| 25:05 | Create | Villager (Male) |
| 25:24 | Build | Stable |
| 26:11 | Research | Scale Barding Armor |
| 26:14 | Age | Castle Age |
| 26:42 | Create | Villager (Male) |
| 26:43 | Build | Siege Workshop |
| 26:46 | Build | Farm |
| 26:52 | Create | Knight |
| 27:22 | Build | Stone Wall |
| 27:25 | Build | Stone Wall |
| 27:39 | Build | University |
| 27:43 | Create | Battering Ram |
| 27:44 | Create | Knight |
| 27:44 | Create | Knight |
| 27:49 | Build | Mining Camp |
| 27:50 | Create | Villager (Male) |
| 28:09 | Build | Stone Wall |
| 28:22 | Build | House |
| 28:23 | Build | House |
| 28:31 | Build | Palisade Wall |
| 28:42 | Create | Knight |
| 28:45 | Build | House |
| 28:45 | Build | House |
| 28:47 | Research | Fortified Wall (upgrade) |
| 28:48 | Create | Villager (Male) |
| 28:58 | Build | Stone Wall |
| 29:00 | Create | Knight |
| 29:26 | Create | Villager (Male) |
| 29:30 | Create | Villager (Male) |
| 29:32 | Build | Watch Tower |
| 29:38 | Build | Gate |
| 29:40 | Build | Stone Wall |
| 29:42 | Build | Stone Wall |
| 29:44 | Create | Villager (Male) |
| 29:48 | Create | Villager (Male) |
| 29:52 | Create | Villager (Male) |
| 29:52 | Create | Villager (Male) |
| 29:56 | Create | Villager (Male) |
| 29:59 | Create | Villager (Male) |
| 30:17 | Build | Watch Tower |
| 30:45 | Create | Scout Cavalry |
| 32:10 | Build | Town Center |
| 33:57 | Build | Farm |
| 33:57 | Build | Farm |
| 33:58 | Build | Farm |
| 34:09 | Create | Villager (Male) |
| 34:13 | Create | Villager (Male) |
| 34:25 | Create | Villager (Male) |
| 34:43 | Create | Villager (Male) |
| 34:50 | Build | House |
| 35:09 | Build | House |
| 35:13 | Create | Villager (Male) |
| 35:19 | Build | Farm |
| 35:20 | Create | Villager (Male) |
Build order — Its me poison
First 150 of 415 actions detected
| 0:00 | Create | Villager (Male) |
| 0:01 | Create | Villager (Male) |
| 0:01 | Create | Villager (Male) |
| 0:02 | Build | House |
| 0:02 | Create | Villager (Male) |
| 0:04 | Build | House |
| 1:16 | Create | Villager (Male) |
| 1:43 | Create | Villager (Male) |
| 1:46 | Build | Lumber Camp |
| 2:03 | Create | Villager (Male) |
| 2:29 | Create | Villager (Male) |
| 2:38 | Create | Villager (Male) |
| 3:01 | Create | Villager (Male) |
| 3:06 | Build | House |
| 3:13 | Create | Villager (Male) |
| 3:41 | Create | Villager (Male) |
| 4:03 | Build | Mill |
| 4:08 | Create | Villager (Male) |
| 4:28 | Build | Palisade Wall |
| 4:50 | Create | Villager (Male) |
| 4:51 | Create | Villager (Male) |
| 4:54 | Create | Villager (Male) |
| 5:12 | Build | House |
| 5:32 | Create | Villager (Male) |
| 5:39 | Create | Villager (Male) |
| 6:48 | Build | Mining Camp |
| 7:11 | Build | Palisade Wall |
| 7:14 | Build | Palisade Gate |
| 7:22 | Build | Palisade Wall |
| 7:27 | Create | Villager (Male) |
| 7:37 | Build | Palisade Gate |
| 7:44 | Build | Palisade Wall |
| 7:49 | Build | Palisade Wall |
| 7:57 | Create | Villager (Male) |
| 8:13 | Create | Villager (Male) |
| 8:34 | Create | Villager (Male) |
| 8:39 | Research | Feudal Age |
| 9:07 | Build | Farm |
| 9:09 | Build | Farm |
| 9:11 | Build | Farm |
| 9:35 | Build | House |
| 10:07 | Build | Palisade Wall |
| 10:09 | Build | House |
| 10:17 | Build | Palisade Wall |
| 10:18 | Build | Palisade Wall |
| 10:27 | Create | Villager (Male) |
| 10:27 | Create | Villager (Male) |
| 10:57 | Age | Feudal Age |
| 11:00 | Build | Market |
| 11:13 | Build | Blacksmith |
| 12:03 | Research | Castle Age |
| 12:18 | Research | Double-Bit Axe |
| 12:30 | Build | House |
| 12:31 | Build | Palisade Wall |
| 12:31 | Build | Palisade Wall |
| 12:47 | Research | Horse Collar |
| 13:14 | Build | House |
| 13:20 | Build | Farm |
| 13:23 | Create | Villager (Male) |
| 14:05 | Research | Gold Mining |
| 14:09 | Build | Mining Camp |
| 14:17 | Build | Farm |
| 14:18 | Build | Farm |
| 14:43 | Age | Castle Age |
| 14:46 | Build | Siege Workshop |
| 15:01 | Create | Villager (Male) |
| 15:05 | Build | House |
| 15:29 | Create | Villager (Male) |
| 15:32 | Create | Mangonel |
| 15:51 | Create | Villager (Male) |
| 15:53 | Research | Loom |
| 16:08 | Research | Bow Saw |
| 16:11 | Create | Villager (Male) |
| 16:28 | Create | Villager (Male) |
| 16:40 | Create | Villager (Male) |
| 16:46 | Build | Farm |
| 17:01 | Create | Mangonel |
| 17:11 | Create | Villager (Male) |
| 17:41 | Create | Villager (Male) |
| 18:11 | Create | Villager (Male) |
| 18:48 | Create | Villager (Male) |
| 18:55 | Build | Town Center |
| 19:02 | Build | Farm |
| 19:07 | Create | Villager (Male) |
| 19:28 | Create | Villager (Male) |
| 19:31 | Build | Farm |
| 20:20 | Create | Villager (Male) |
| 20:54 | Build | Farm |
| 20:59 | Build | Farm |
| 21:41 | Create | Villager (Male) |
| 21:57 | Build | Farm |
| 21:57 | Build | Farm |
| 21:58 | Build | Farm |
| 21:58 | Build | Farm |
| 21:58 | Build | Farm |
| 21:58 | Build | Farm |
| 22:07 | Build | Farm |
| 22:10 | Build | Farm |
| 22:16 | Create | Villager (Male) |
| 22:38 | Build | Farm |
| 22:50 | Build | Farm |
| 22:53 | Build | Farm |
| 22:55 | Create | Villager (Male) |
| 23:15 | Build | Farm |
| 23:16 | Build | Farm |
| 23:20 | Create | Villager (Male) |
| 23:38 | Create | Villager (Male) |
| 23:39 | Create | Villager (Male) |
| 23:54 | Create | Mangonel |
| 23:56 | Create | Villager (Male) |
| 24:04 | Create | Villager (Male) |
| 24:15 | Create | Villager (Male) |
| 24:21 | Build | Farm |
| 24:29 | Create | Villager (Male) |
| 24:42 | Build | Farm |
| 24:45 | Build | Farm |
| 24:45 | Create | Villager (Male) |
| 24:46 | Create | Villager (Male) |
| 25:05 | Create | Villager (Male) |
| 25:08 | Build | Farm |
| 25:09 | Build | Farm |
| 25:14 | Create | Villager (Male) |
| 25:15 | Create | Villager (Male) |
| 25:23 | Create | Villager (Male) |
| 25:44 | Create | Villager (Male) |
| 25:44 | Create | Villager (Male) |
| 25:59 | Create | Villager (Male) |
| 26:03 | Create | Villager (Male) |
| 26:28 | Create | Villager (Male) |
| 26:30 | Build | Watch Tower |
| 26:33 | Build | Stone Wall |
| 26:33 | Create | Villager (Male) |
| 26:35 | Create | Villager (Male) |
| 26:39 | Create | Villager (Male) |
| 26:42 | Build | House |
| 26:49 | Build | Town Center |
| 26:55 | Create | Villager (Male) |
| 27:01 | Create | Villager (Male) |
| 27:04 | Build | Town Center |
| 27:08 | Build | Town Center |
| 27:10 | Create | Villager (Male) |
| 27:19 | Build | Farm |
| 27:21 | Create | Villager (Male) |
| 27:29 | Create | Villager (Male) |
| 27:33 | Create | Villager (Male) |
| 27:39 | Build | House |
| 27:40 | Build | House |
| 27:43 | Research | Wheelbarrow |
| 27:52 | Research | Town Watch |
| 27:54 | Create | Villager (Male) |
Match timeline
| 1:44 | Sacachispas · wall_segment Palisade Wall x1 |
| 1:48 | Sacachispas · wall_segment Palisade Wall x1 |
| 1:53 | Sacachispas · wall_segment Palisade Wall x5 |
| 2:12 | Sacachispas · wall_segment Palisade Wall x3 |
| 2:39 | Sacachispas · wall_segment Palisade Wall x1 |
| 4:28 | Its me poison · wall_segment Palisade Wall x1 |
| 7:11 | Its me poison · wall_segment Palisade Wall x1 |
| 7:22 | Its me poison · wall_segment Palisade Wall x1 |
| 7:44 | Its me poison · wall_segment Palisade Wall x1 |
| 7:49 | Its me poison · wall_segment Palisade Wall x1 |
| 9:13 | AiM | Foreign Dish · age_up feudal |
| 10:07 | Its me poison · wall_segment Palisade Wall x6 |
| 10:17 | Its me poison · wall_segment Palisade Wall x1 |
| 10:18 | Its me poison · wall_segment Palisade Wall x1 |
| 10:57 | Its me poison · age_up feudal |
| 11:46 | Sacachispas · age_up feudal |
| 11:47 | Eldiano · age_up feudal |
| 12:31 | Its me poison · wall_segment Palisade Wall x1 |
| 12:31 | Its me poison · wall_segment Palisade Wall x1 |
| 14:43 | Its me poison · age_up castle |
| 14:46 | Its me poison · first_building Siege Workshop |
| 15:16 | Sacachispas · age_up castle |
| 15:30 | Eldiano · age_up castle |
| 18:10 | Eldiano · first_building Castle |
| 18:50 | Eldiano · first_building Monastery |
| 19:13 | Eldiano · first_market_buy 100 wood |
| 19:27 | Eldiano · wall_segment Palisade Wall x1 |
| 19:31 | Eldiano · wall_segment Palisade Wall x1 |
| 19:53 | Eldiano · first_market_sell 100 wood |
| 20:42 | Sacachispas · first_building Siege Workshop |
| 21:33 | Eldiano · first_building Siege Workshop |
| 21:37 | Sacachispas · first_building Barracks |
| 22:36 | Sacachispas · first_building Castle |
| 22:49 | Sacachispas · first_building Stable |
| 23:25 | AiM | Foreign Dish · first_market_sell 100 food |
| 24:27 | AiM | Foreign Dish · first_building Barracks |
| 24:50 | Sacachispas · age_up imperial |
| 25:24 | AiM | Foreign Dish · first_building Stable |
| 26:14 | AiM | Foreign Dish · age_up castle |
| 26:33 | Its me poison · wall_segment Stone Wall x1 |
| 26:43 | AiM | Foreign Dish · first_building Siege Workshop |
| 27:12 | AiM | Foreign Dish · first_market_buy 100 stone |
| 27:22 | AiM | Foreign Dish · wall_segment Stone Wall x10 |
| 27:25 | AiM | Foreign Dish · wall_segment Stone Wall x4 |
| 27:34 | Sacachispas · first_market_sell 100 food |
| 28:09 | AiM | Foreign Dish · wall_segment Stone Wall x10 |
| 28:31 | AiM | Foreign Dish · wall_segment Palisade Wall x1 |
| 28:47 | Eldiano · age_up imperial |
| 28:58 | AiM | Foreign Dish · wall_segment Stone Wall x1 |
| 29:25 | Eldiano · first_building Barracks |
| 29:40 | AiM | Foreign Dish · wall_segment Stone Wall x1 |
| 29:42 | AiM | Foreign Dish · wall_segment Stone Wall x2 |
| 30:12 | Sacachispas · first_building Archery Range |
| 31:33 | Its me poison · first_market_buy 100 food |
| 32:36 | Its me poison · first_building Barracks |
| 33:08 | Its me poison · first_building Castle |
| 33:48 | Its me poison · first_market_sell 100 wood |
| 35:50 | Its me poison · first_building Monastery |
| 37:07 | Sacachispas · first_market_buy 100 stone |
| 37:37 | Its me poison · age_up imperial |
| 42:01 | Eldiano · resign |
[ AI ANALYSIS · 1 CREDIT ]
What really happened in this match?
Wolo.gg analyzes every decision: build order, eco, micro, common mistakes by bracket. Personalized analysis on WhatsApp or Discord in 30 seconds.
Civ guide
Italians
Perfil
Jugador #6715815